 Dungeon Crawl Stone Soup version 0.22.0-5-gf09313c8f9 (webtiles) character file.

508445 Kirk the Sorcerer (level 24, -3/174 HPs)
             Began as a Demonspawn Wizard on Aug 12, 2018.
             Was the Champion of Vehumet.
             Splashed by a caustic shrike's acid (5 damage)
             ... on level 5 of the Depths on Aug 13, 2018.
             The game lasted 04:56:37 (56049 turns).

Kirk the Sorcerer (Demonspawn Wizard)              Turns: 56049, Time: 04:56:38

Health: -3/174     AC: 12    Str: 13    XL:     24   Next: 25%
Magic:  39/49      EV: 17    Int: 36    God:    Vehumet [******]
Gold:   2247       SH:  9    Dex: 20    Spells: 12/67 levels left

rFire    + + .     SeeInvis +   R - +4 morningstar "Deir Gont" {drain, rPois rC+ MR++ Dex+2}
rCold    + + .     Gourm    .   o - +3 buckler {AC+3}
rNeg     . . .     Faith    .   X - +2 robe {Archmagi}
rPois    +         Spirit   .   (helmet unavailable)
rElec    .         Reflect  .   v - scarf {rC+ rF+}
rCorr    .         Harm     .   p - +2 pair of gloves
MR       ++++.     Clarity  +   g - +2 pair of boots {Fly}
Stlth    ++++......             r - amulet of magic regeneration
HPRegen  0.39/turn              U - ring "Syrinyawk" {rPois Int+6 Stlth+}
MPRegen  0.56/turn              e - ring of fire

@: mighty, agile, corroded, flying, very slightly contaminated, studying
Translocations
A: antennae 3, beak, rugged brown scales 3, clarity, cold resistance 1, magic
resistance 1, powered by death 3, powered by pain 1, freezing cloud immunity
}: 2/15 runes: decaying, serpentine
a: Renounce Religion, Stop Flying


You were on level 5 of the Depths.
You worshipped Vehumet.
Vehumet was exalted by your worship.
You were not hungry.

You visited 9 branches of the dungeon, and saw 44 of its levels.
You visited the Abyss 2 times.
You also visited: Ice Cave.

You collected 5661 gold pieces.
You spent 3414 gold pieces at shops.

Inventory:

Hand Weapons
 F - a +3 quick blade
 R - the +4 morningstar "Deir Gont" (weapon) {drain, rPois rC+ MR++ Dex+2}
   (You found it on level 1 of the Elven Halls)

   A truly terrible weapon, it drains the life of those it strikes.
   It affects your dexterity (+2).
   It protects you from cold.
   It protects you from poison.
   It affects your resistance to hostile enchantments.
Armour
 g - a +2 pair of boots of flying (worn)
 o - a +3 buckler of protection (worn)
 p - a +2 pair of gloves (worn)
 v - a scarf of resistance (worn)
 X - a +2 robe of the Archmagi (worn)
Magical Staves
 O - an uncursed staff of conjuration
 V - an uncursed staff of energy
Jewellery
 e - a ring of fire (right hand)
 h - an uncursed ring of positive energy
 i - an uncursed ring of resist corrosion
 r - an amulet of magic regeneration (around neck)
 D - an uncursed ring of protection from fire
 U - the ring "Syrinyawk" (left hand) {rPois Int+6 Stlth+}
   (You found it on level 6 of the Lair of Beasts)

   [ring of intelligence]

   It affects your intelligence (+6).
   It protects you from poison.
   It makes you more stealthy.
 W - a +6 ring of evasion
Wands
 t - a wand of clouds (3)
 u - a wand of iceblast (23)
 z - a wand of paralysis (24)
 J - a wand of acid (25)
 M - a wand of digging (19)
 Y - a wand of scattershot (5)
Scrolls
 a - 3 scrolls of amnesia
 c - a scroll of magic mapping
 f - 2 scrolls of brand weapon
 j - 14 scrolls of teleportation
 k - 17 scrolls of remove curse
 s - a scroll of fear
 w - 10 scrolls of fog
 x - 10 scrolls of enchant weapon
 y - 3 scrolls of enchant armour
 K - a scroll of blinking
 L - 2 scrolls of summoning
 P - 8 scrolls of immolation
 Q - 2 scrolls of identify
Potions
 b - 2 potions of mutation
 l - 4 potions of ambrosia
 m - 5 potions of haste
 n - 5 potions of brilliance
 q - 6 potions of agility
 A - 6 potions of might
 B - a potion of invisibility
 C - 7 potions of heal wounds
 E - 4 potions of cancellation
 I - 13 potions of curing
 Z - 3 potions of magic
Books
 S - a manual of Translocations
Miscellaneous
 G - a lamp of fire
 N - a phial of floods
Comestibles
 d - 62 rations
 H - 4 chunks of flesh


   Skills:
 - Level 7.0 Fighting
 - Level 0.1 Short Blades
 - Level 5.6 Maces & Flails
 - Level 1.7 Dodging
 - Level 1.7 Stealth
 - Level 4.0 Shields
 + Level 22.1 Spellcasting
 + Level 21.8 Conjurations
 - Level 1.0 Summonings
 - Level 0.8 Translocations
 * Level 19.0 Fire Magic
   Level 5.6 Ice Magic
 * Level 11.8 Earth Magic
 - Level 8.4 Poison Magic


You had 12 spell levels left.
You knew the following spells:

 Your Spells              Type           Power        Failure   Level  Hunger
a - Iron Shot             Conj/Erth      ########..   1%          6    None
b - Blink                 Tloc           N/A          1%          2    None
c - Conjure Flame         Conj/Fire      ########     0%          3    None
d - Mephitic Cloud        Conj/Pois/Air  ########     1%          3    None
e - Bolt of Fire          Conj/Fire      #########.   0%          6    None
f - Fireball              Conj/Fire      #########.   0%          5    None
g - Spellforged Servitor  Conj/Summ      ########..   1%          7    None
h - Orb of Destruction    Conj           ########..   1%          7    None
i - Ignition              Fire           #########.   1%          8    ##.....
j - Poison Arrow          Conj/Pois      ########..   1%          6    None
l - Sublimation of Blood  Necr           ######....   1%          2    None

Your spell library contained the following spells:

 Spells                   Type           Power        Failure   Level  Hunger
 Cause Fear               Hex            ######....   7%          4    None
 Magic Dart               Conj           ####         0%          1    None
 Apportation              Tloc           ######       1%          1    None
 Lightning Bolt           Conj/Air       ########..   1%          5    None
 Bolt of Magma            Conj/Fire/Erth #########.   0%          5    None
 Slow                     Hex            ######..     1%          2    None
 Invisibility             Hex            ######..     71%         6    None
 Throw Flame              Conj/Fire      ######       0%          2    None
 Throw Frost              Conj/Ice       ######       0%          2    None
 Controlled Blink         Tloc           N/A          100%        8    ##.....
 Venom Bolt               Conj/Pois      ########..   1%          5    None
 Bolt of Draining         Conj/Necr      ########..   1%          5    None
 Lehudib's Crystal Spear  Conj/Erth      ########..   1%          8    ##.....
 Fire Storm               Conj/Fire      #########.   4%          9    #####..
 Freeze                   Ice            ####         1%          1    None
 Sticky Flame             Conj/Fire      ########     0%          4    None
 Summon Ice Beast         Ice/Summ       #######.     1%          4    None
 Ozocubu's Armour         Chrm/Ice       ######..     1%          3    None
 Call Imp                 Summ           ######..     1%          2    None
 Dispel Undead            Necr           ######..     19%         5    None
 Regeneration             Chrm/Necr      ######....   1%          3    None
 Tukima's Dance           Hex            ######..     1%          3    None
 Summon Demon             Summ           ######....   12%         5    None
 Corpse Rot               Necr           N/A          1%          2    None
 Stone Arrow              Conj/Erth      ######       0%          3    None
 Recall                   Summ/Tloc      N/A          1%          3    None
 Agony                    Necr           ######..     19%         5    None
 Spider Form              Tmut/Pois      #######...   1%          3    None
 Blade Hands              Tmut           ######....   19%         5    None
 Statue Form              Tmut/Erth      #######..    9%          6    None
 Ice Form                 Ice/Tmut       ######..     1%          4    None
 Dragon Form              Tmut           ######....   99%         7    None
 Deflect Missiles         Chrm/Air       ######....   71%         6    None
 Throw Icicle             Conj/Ice       ########     0%          4    None
 Glaciate                 Conj/Ice       ########..   50%         9    #####..
 Shadow Creatures         Summ           N/A          56%         6    None
 Flame Tongue             Conj/Fire      #####        0%          1    None
 Passwall                 Tmut/Erth      #######.     1%          2    None
 Ignite Poison            Fire/Tmut/Pois ########     1%          3    None
 Sticks to Snakes         Tmut           ######..     1%          2    None
 Summon Butterflies       Summ           ######..     1%          1    None
 Silence                  Hex/Air        ######....   19%         5    None
 Shatter                  Erth           ########..   75%         9    #####..
 Dispersal                Tloc           ######....   58%         6    None
 Static Discharge         Conj/Air       ########     0%          3    None
 Alistair's Intoxication  Tmut/Pois      #######.     3%          5    None
 Conjure Ball Lightning   Conj/Air       ########..   1%          6    None
 Chain Lightning          Conj/Air       ########..   13%         8    ##.....
 Excruciating Wounds      Chrm/Necr      ######....   19%         5    None
 Portal Projectile        Hex/Tloc       ######       1%          3    None
 Tornado                  Air            ######....   100%        9    #####..
 Leda's Liquefaction      Hex/Erth       #######...   1%          4    None
 Shroud of Golubria       Chrm/Tloc      ######....   1%          2    None
 Inner Flame              Hex/Fire       ########     1%          3    None
 Aura of Abjuration       Summ           ######....   12%         5    None
 Beastly Appendage        Tmut           ######       1%          1    None
 Disjunction              Tloc           ######....   100%        8    ##.....
 Iskenderun's Battlesphe  Conj/Chrm      ########     1%          5    None
 Force Lance              Conj/Tloc      ########     1%          4    None
 Infusion                 Chrm           ####         1%          1    None
 Song of Slaying          Chrm           ######..     1%          2    None
 Spectral Weapon          Hex/Chrm       ######..     1%          3    None
 Summon Forest            Summ/Tloc      ######....   13%         5    None
 Summon Lightning Spire   Summ/Air       ######..     5%          4    None
 Dragon's Call            Summ           ######....   100%        9    #####..
 Summon Mana Viper        Hex/Summ       ######..     16%         5    None
 Hydra Form               Tmut           ######....   71%         6    None
 Irradiate                Conj/Tmut      ########..   1%          5    None
 Gell's Gravitas          Tloc           ######....   1%          3    None
 Lesser Beckoning         Tloc           ######....   1%          3    None


Dungeon Overview and Level Annotations

Branches:
Dungeon (15/15)            Temple (1/1) D:4            Lair (6/6) D:11
  Swamp (4/4) Lair:2        Snake (4/4) Lair:3        Slime (0/5) Lair:5
    Orc (2/2) D:12            Elf (3/3) Orc:2        Vaults (4/5) D:13
  Crypt (0/3) Vaults:2     Depths (5/5) D:15
    Zot: Depths:5

Altars:
Ashenzari
Cheibriados
Gozag
Kikubaaqudgha
Makhleb
Okawaru
Ru
Trog
Vehumet
Xom
Zin
The Shining One
Jiyva

Shops:
D:11 (   D:12 ?   D:14 =   Orc:2 :(%*   Elf:3 *   Snake:2 ?(?[   Snake:4 ?
Vaults:2 [   Vaults:4 (

Portals:
Hell: Depths:1 Depths:2 Depths:3 Depths:4
Abyss: Depths:3 Depths:4
Pandemonium: Orc:2 Depths:3
Ziggurat: Depths:2
Trove: Elf:2 (give 6 potions of haste)

Annotations:
D:10 3 runed doors, Ijasec's ghost, novice TrMo
D:13 1 runed door, MirrMurr's ghost, novice GrGl
Lair:4 3 runed doors, Meluh's ghost, journeyman FoEE
Swamp:2 2 transporters, Vesm's ghost, journeyman MiFi
Elf:2 3 runed doors
Elf:3 1 runed door, aloneDruid's ghost, adept MiFi


Innate Abilities, Weirdness & Mutations

You have a pair of large antennae on your head. (SInv)
You are completely covered in rugged brown scales. (AC +3, +7% HP)
Your flesh is cold resistant. (rC+)
You regenerate a lot of health from kills.
You sometimes gain a little power by taking damage.
You are immune to freezing clouds.
You have a beak for a mouth.
You possess an exceptional clarity of mind.
You are resistant to hostile enchantments. (MR+)


Message History

The caustic shrike screeches! x2
You block the caustic shrike's attack.
You hear a blaring wail to the west.
The caustic shrike claws you!!
* * * LOW HITPOINT WARNING * * *
You focus on the pain.
You feel more agile all of a sudden. The acid corrodes you!
You are splashed with acid!
The acid burns!
* * * LOW HITPOINT WARNING * * *
You hear a deafening roar! x3; You hear a shout! x2
You hear a horrible gurgling sound!
You hear a roar!
You hear a shout!
You hear a horrible gurgling sound! x2; You hear a shout! x4
You hear a horrible gurgling sound!
You hear a shout! x5; You hear a roar!
You hear a shout! x3
There is a stone staircase leading up, spattered with blood here.
The caustic shrike claws you!!
* * * LOW HITPOINT WARNING * * *
You focus on the pain.
You feel your power returning.
You are splashed with acid!
The acid burns!
You die...

...,**#.......≈...........#
...,,*#....##.≈≈.#........#
....**#..#**#..§..........###
C...###.#####.≈≈≈...........#
.#.d......##..≈≈≈≈§§........#
#Q)............≈≈§≈≈........#
..............§≈≈§≈≈..#.....#
..........!..b≈§.§.§.##...###
.......#.....b.b@†...##....#
.≈≈b[..#.....b.#....###..###
b.).§).......#.#....######
b......#.....#.......#*
..............).......#
...[....#.##.........##
..[.#.....###........#*
#...#.#....#...#......#
#..#####.....≈.#..[#..#


You could see 4 caustic shrikes.

Vanquished Creatures
  2 juggernauts (Depths:4)
  Sojobo (Vaults:4)
  Boris (twice) (Vaults:3 Vaults:4)
  Saint Roka (Snake:2)
  the Lernaean hydra (Swamp:4)
  A caustic shrike (Depths:5)
  Vashnia (Snake:2)
  2 golden dragons
  Nikola (Elf:3)
  5 liches
  2 tentacled monstrosities
  The ghost of Reogah the Impaler, an adept MfBe of Trog (Vaults:1)
  Rupert (D:13)
  2 deep elf blademasters (Elf:3)
  2 deep elf master archers (Elf:3)
  2 titans (Depths:3)
  Gastronok (Lair:2)
  An ancient champion (Vaults:2)
  A sphinx (Depths:2)
  4 tengu reavers
  A thorn hunter (Swamp:4)
  16 nagarajas
  3 storm dragons (Depths:3)
  10 fire giants
  The ghost of Peb Quor the Severer, a journeyman DDFi of Makhleb (Orc:1)
  5 deep elf sorcerers
  An orc warlord (Elf:3)
  A balrug (Depths:3)
  8 frost giants
  10 vault wardens
  Louise (Swamp:1)
  14 ironheart preservers
  4 deep elf elementalists (Elf:3)
  2 spriggan defenders (Depths:3)
  8 very ugly things
  15 stone giants
  A reaper (IceCv)
  2 entropy weavers (Vaults:4)
  A vampire knight (Depths:2)
  Nessos (Orc:2)
  A black draconian (Depths:5)
  6 deep elf demonologists (Elf:3)
  7 deep elf annihilators (Elf:3)
  6 dire elephants (Lair:6)
  A green draconian (Depths:5)
  A purple draconian (Depths:5)
  A yellow draconian (Depths:5)
  Azrael (D:13)
  A spark wasp (Depths:4)
  9 ettins
  10 deep elf death magi
  6 fire dragons
  Josephine (D:14)
  4 deep elf high priests
  13 ogre magi
  12 yaktaur captains
  5 great orbs of eyes
  15 ice dragons
  21 hydras
  Erica (Lair:2)
  9 vault guards
  12 rakshasas
  18 naga warriors
  2 spriggan air magi
  7 anacondas
  2 ghost crabs
  4 death knights
  10 alligators
  9 centaur warriors
  2 spectral fire giants (Vaults:1)
  A spectral stone giant (Vaults:1)
  29 two-headed ogres
  11 dancing weapons
  14 deep troll shamans
  10 deep troll earth magi
  26 naga sharpshooters
  2 vampire magi
  4 death yaks (Lair:5)
  9 hell knights
  2 tengu warriors (Depths:4)
  5 orc high priests
  6 shock serpents
  Urug (D:13)
  2 spriggan berserkers
  20 deep elf knights
  Sonja (D:13)
  2 wretched stars (Abyss:2)
  A fire crab (shapeshifter) (Elf:3)
  Nergalle (Lair:3)
  8 salamander mystics
  A spectral human (Vaults:1)
  A skeletal warrior (Vaults:2)
  3 sixfirhies
  A shadow wraith (Vaults:3)
  4 flayed ghosts
  10 swamp dragons
  6 iron trolls
  23 deep trolls
  2 death drakes (shapeshifter)
  3 shambling mangroves
  A gelid demonspawn (Orc:2)
  A spriggan druid (Swamp:3)
  A swamp dragon (shapeshifter) (Vaults:3)
  4 unseen horrors
  2 glowing orange brains
  A torturous demonspawn (Orc:2)
  8 ironbrand convokers
  4 lindwurms (Lair:6)
  4 necromancers
  7 harpies (Vaults:3)
  A phantasmal warrior (Vaults:2)
  Pikel (D:9)
  20 orc knights
  13 naga ritualists
  4 oklob plants (Lair:6)
  13 deep elf archers
  2 wolf spiders
  13 salamanders
  57 deep elf magi
  7 mana vipers
  12 orc sorcerers
  58 ugly things
  3 manticores
  9 elephants
  Maurice (D:9)
  2 rust devils (Depths:3)
  A spectral ettin (Vaults:1)
  7 cyclopes
  28 naga magi
  2 ice statues (IceCv)
  11 guardian serpents
  A water nymph (shapeshifter) (Depths:3)
  4 centaur zombies
  37 black mambas
  12 vault sentinels
  A torpor snail (shapeshifter) (Vaults:3)
  15 spiny frogs
  7 freezing wraiths
  9 komodo dragons
  5 ice devils (IceCv)
  69 yaktaurs
  2 spectral glowing shapeshifters (Vaults:1)
  A hellwing (Orc:2)
  A jumping spider (Vaults:4)
  A wind drake (shapeshifter) (D:15)
  8 trolls
  A troll (shapeshifter) (Vaults:4)
  A merfolk (D:13)
  A meliai (shapeshifter) (Elf:1)
  3 meliai (D:15)
  A polar bear (Lair:6)
  5 large abominations
  A merfolk (shapeshifter) (Elf:2)
  A queen bee (D:15)
  6 tyrant leeches
  41 slime creatures
  A raiju (Abyss:2)
  15 hornets
  15 bog bodies
  2 hornets (shapeshifter) (Vaults:2)
  A tengu simulacrum (Depths:2)
  Prince Ribbit (D:6)
  A dream sheep (shapeshifter) (Vaults:4)
  20 blink frogs
  3 stone giant simulacra
  5 small abominations
  17 dream sheep
  16 hippogriffs
  A frost giant simulacrum (Vaults:1)
  2 human simulacra (Vaults:1)
  Sigmund (D:3)
  3 ynoxinuls
  3 shadows
  7 wraiths
  A redback (Vaults:4)
  6 water elementals
  7 spriggans
  6 wyverns
  3 fire bats (Lair:6)
  50 yaks
  5 basilisks
  8 fire elementals
  3 chaos spawn (Orc:2)
  A steam dragon (D:11)
  A golden eye (shapeshifter) (Depths:2)
  13 vampire mosquitoes
  An elf skeleton (Depths:2)
  4 wargs
  2 hungry ghosts
  67 nagas
  A soldier ant (D:10)
  18 swamp worms
  12 insubstantial wisps
  5 acid dragons
  13 water moccasins
  A hell hound (D:13)
  2 sky beasts
  11 porcupines
  A spriggan simulacrum (Depths:2)
  53 orc warriors
  A slave (D:9)
  2 black bears
  An eye of draining (D:11)
  A phantom (D:3)
  13 swamp drakes
  A necrophage (D:9)
  6 ice beasts
  3 boggarts (Vaults:3)
  9 centaurs
  21 wolves
  36 ogres
  15 crocodiles
  A big kobold (D:13)
  23 bullfrogs
  2 wyvern zombies
  3 earth elementals
  A glowing shapeshifter simulacrum (Vaults:1)
  5 scorpions
  18 wights
  30 killer bees
  2 electric eels
  A lava snake (Lair:6)
  8 crimson imps
  2 bullfrog zombies (D:13)
  2 quasits (Abyss:2)
  38 orc priests
  4 hounds
  10 centaur skeletons
  6 jellies
  4 bullfrog skeletons
  3 iguanas
  Ijyb (D:3)
  12 worker ants
  18 orc wizards
  A worker ant zombie (D:10)
  11 adders
  7 gnolls
  3 shadow imps
  8 white imps
  9 ufetubi
  3 oozes
  An adder zombie (D:8)
  2 worms
  2 dart slugs
  4 leopard geckos
  96 orcs
  5 ball pythons
  4 giant cockroaches
  9 hobgoblins
  9 jackals
  3 quokkas
  10 bats
  3 frilled lizards
  5 goblins
  A jackal skeleton (D:7)
  9 kobolds
  A leopard gecko skeleton (D:4)
  A quokka skeleton (D:4)
  2 rats
  2 bushes (Lair:6)
  4 crawling corpses (Elf:3)
  5 plants (Lair:6)
2009 creatures vanquished.

Vanquished Creatures (collateral kills)
  An orc high priest (Orc:2)
  A salamander mystic (Snake:1)
  2 naga ritualists
  An orc sorcerer (Orc:2)
  A mana viper (Snake:1)
  A black mamba (Snake:3)
  A naga (Snake:3)
  5 killer bees
13 creatures vanquished.

Vanquished Creatures (others)
  A slave (D:9)
  An orc wizard (D:9)
  A small abomination (Abyss:2)
  2 white imps (IceCv)
  An ufetubus (IceCv)
  5 orcs
  3 bushes
  36 fungi
  37 plants
  4 starspawn tentacles (Abyss:2)
91 creatures vanquished.

Grand Total: 2113 creatures vanquished

Notes
Turn   | Place    | Note
-------+----------+-------------------------------------------
     0 | D:1      | Kirk the Demonspawn Wizard began the quest for the Orb.
     0 | D:1      | Reached XP level 1. HP: 13/13 MP: 4/4
   345 | D:1      | Gained mutation: You sometimes gain a little power by taking damage. [demonic ancestry]
   345 | D:1      | Reached XP level 2. HP: 8/19 MP: 0/6
  1212 | D:2      | Learned a level 2 spell: Blink
  1397 | D:2      | Reached XP level 3. HP: 24/24 MP: 1/8
  1440 | D:1      | Learned a level 3 spell: Conjure Flame
  1444 | D:1      | Learned a level 3 spell: Mephitic Cloud
  1961 | D:2      | Reached skill level 4 in Spellcasting
  1974 | D:2      | Reached XP level 4. HP: 23/30 MP: 0/10
  2235 | D:3      | Noticed Sigmund
  2808 | D:3      | Killed Sigmund
  2808 | D:3      | Gained mutation: You are partially covered in rugged brown scales. (AC +1, +3% HP) [demonic ancestry]
  2808 | D:3      | Reached XP level 5. HP: 23/36 MP: 0/12
  2985 | D:3      | Noticed Ijyb
  3087 | D:3      | Noticed a phantom
  3109 | D:3      | Killed a phantom
  3109 | D:3      | Reached skill level 5 in Spellcasting
  3109 | D:3      | Gained mutation: You have a pair of small antennae on your head. [demonic ancestry]
  3109 | D:3      | Reached XP level 6. HP: 22/42 MP: 0/13
  3388 | D:3      | Killed Ijyb
  3590 | D:4      | Noticed a troll
  3665 | D:4      | Reached skill level 5 in Conjurations
  3914 | D:4      | Found a staircase to the Ecumenical Temple.
  4036 | D:4      | Gained mutation: You regenerate a little health from kills. [demonic ancestry]
  4036 | D:4      | Reached XP level 7. HP: 32/47 MP: 1/15
  4279 | Temple   | Entered the Ecumenical Temple
  4284 | Temple   | Became a worshipper of Vehumet
  4393 | D:4      | Killed a troll
  4629 | D:5      | Entered Level 5 of the Dungeon
  4651 | D:5      | Reached skill level 6 in Spellcasting
  4825 | D:5      | Reached XP level 8. HP: 53/53 MP: 4/17
  5221 | D:5      | Found an iron altar of Okawaru.
  5885 | D:6      | Reached skill level 7 in Spellcasting
  5952 | D:6      | Noticed Prince Ribbit
  5967 | D:6      | Killed Prince Ribbit
  5993 | D:6      | Reached skill level 1 in Maces & Flails
  6098 | D:6      | Reached * piety under Vehumet
  6098 | D:6      | Offered knowledge of Flame Tongue by Vehumet.
  6537 | D:7      | Reached XP level 9. HP: 50/58 MP: 20/20
  6739 | D:7      | Found Zin's Purification Station.
  6742 | D:7      | Found a glowing silver altar of Zin.
  6746 | D:7      | Bought a potion of curing for 90 gold pieces
  7333 | D:8      | Reached skill level 8 in Spellcasting
  7483 | D:8      | Noticed a two-headed ogre
  7517 | D:8      | Killed a two-headed ogre
  7517 | D:8      | Reached skill level 10 in Conjurations
  7598 | D:8      | Reached ** piety under Vehumet
  7715 | D:8      | Offered knowledge of Sandblast by Vehumet.
  8204 | D:9      | Noticed Pikel
  8230 | D:9      | Reached XP level 10. HP: 57/64 MP: 19/22
  8257 | D:9      | Killed Pikel
  8402 | D:9      | Noticed Maurice
  8515 | D:9      | Reached skill level 9 in Spellcasting
  8586 | D:9      | Offered knowledge of Throw Flame by Vehumet.
  8682 | D:9      | Found an ancient bone altar of Kikubaaqudgha.
  8746 | D:9      | Reached *** piety under Vehumet
  8805 | D:9      | Learned a level 2 spell: Throw Flame
  9011 | D:9      | Killed Maurice
  9166 | D:10     | Entered Level 10 of the Dungeon
  9289 | D:10     | Noticed Ijasec's ghost (novice TrMo)
  9291 | D:10     | Found a burning altar of Makhleb.
  9312 | D:10     | Offered knowledge of Force Lance by Vehumet.
  9318 | D:10     | Learned a level 4 spell: Force Lance
  9323 | D:10     | Found a runed gate.
  9324 | D:10     | Found a runed gate.
  9328 | D:10     | Found a runed gate.
  9508 | D:10     | Noticed a deep elf mage
  9521 | D:10     | Killed a deep elf mage
  9521 | D:10     | Reached skill level 5 in Maces & Flails
 10200 | D:10     | Reached skill level 10 in Spellcasting
 10249 | D:10     | Gained mutation: You regenerate health from kills. [demonic ancestry]
 10249 | D:10     | Reached XP level 11. HP: 67/70 MP: 25/25
 10553 | D:11     | Reached **** piety under Vehumet
 10764 | D:11     | Offered knowledge of Dazzling Spray by Vehumet.
 10936 | D:11     | Found a staircase to the Lair.
 11265 | D:11     | Learned a level 4 spell: Throw Icicle
 11373 | D:11     | Noticed a purple ugly thing
 11616 | D:11     | Killed a purple ugly thing
 11754 | D:11     | Noticed a two-headed ogre
 11759 | D:11     | Killed a two-headed ogre
 11759 | D:11     | Reached skill level 1 in Ice Magic
 12019 | D:11     | Found Tobruhet's Weapon Shop.
 12138 | Lair:1   | Entered Level 1 of the Lair of Beasts
 12242 | Lair:1   | Reached skill level 11 in Spellcasting
 12698 | Lair:1   | You are sucked into a shaft!
 12715 | Lair:2   | Noticed an eight-headed hydra
 13334 | Lair:1   | Reached XP level 12. HP: 71/76 MP: 18/27
 13538 | Lair:1   | Learned a level 3 spell: Ozocubu's Armour
 13543 | Lair:2   | Killed an eight-headed hydra
 14036 | Lair:2   | Noticed Erica
 14048 | Lair:2   | Found a staircase to the Swamp.
 14513 | Lair:2   | Reached skill level 5 in Ice Magic
 14908 | Lair:2   | Noticed Gastronok
 14960 | Lair:3   | Noticed Nergalle
 14967 | Lair:3   | Killed Nergalle
 15118 | Lair:3   | Found a staircase to the Snake Pit.
 15562 | Lair:3   | Reached skill level 1 in Fighting
 15650 | Lair:3   | Reached skill level 12 in Spellcasting
 15678 | Lair:3   | Reached ***** piety under Vehumet
 16194 | Lair:4   | Offered knowledge of Orb of Destruction by Vehumet.
 16209 | Lair:4   | Learned a level 7 spell: Orb of Destruction
 16278 | Lair:4   | Noticed a five-headed hydra
 16285 | Lair:4   | Killed a five-headed hydra
 16763 | Lair:4   | Found a runed gate.
 16858 | Lair:4   | Noticed a death ooze
 16859 | Lair:4   | Found a runed gate.
 16859 | Lair:4   | Found a viscous altar of Jiyva.
 16859 | Lair:4   | Found a runed gate.
 16859 | Lair:4   | Noticed Meluh's ghost (journeyman FoEE)
 17071 | Lair:5   | Found a frozen archway.
 17134 | Lair:5   | Found a viscous altar of Jiyva.
 17135 | Lair:5   | Found a staircase to the Slime Pits.
 17183 | Lair:5   | Noticed a death yak
 17215 | IceCv    | Entered an ice cave
 17738 | IceCv    | Gained mutation: You are resistant to electric shocks. (rElec) [potion of mutation]
 17738 | IceCv    | Gained mutation: Scrolls take you a little longer to read. [potion of mutation]
 17738 | IceCv    | Gained mutation: You have large cloven feet. [potion of mutation]
 17739 | IceCv    | Lost mutation: You have large cloven feet. [potion of mutation]
 17739 | IceCv    | Lost mutation: Scrolls take you a little longer to read. [potion of mutation]
 17739 | IceCv    | Gained mutation: You are mostly covered in rugged brown scales. (AC +2, +5% HP) [potion of mutation]
 17739 | IceCv    | Gained mutation: You have supernaturally acute eyesight. (SInv) [potion of mutation]
 17771 | IceCv    | Mutation became permanent: You are partially covered in rugged brown scales. (AC +1, +3% HP) [demonic ancestry]
 17771 | IceCv    | Gained mutation: You are mostly covered in rugged brown scales. (AC +2, +5% HP) [demonic ancestry]
 17771 | IceCv    | Reached XP level 13. HP: 79/91 MP: 10/29
 17929 | IceCv    | Noticed a reaper
 17944 | IceCv    | Killed a reaper
 18744 | Lair:5   | Reached skill level 13 in Spellcasting
 19454 | Lair:2   | Offered knowledge of Ozocubu's Refrigeration by Vehumet.
 19465 | Lair:2   | Learned a level 6 spell: Ozocubu's Refrigeration
 19638 | Lair:2   | Killed Gastronok
 19638 | Lair:2   | Reached skill level 5 in Fighting
 19642 | Lair:2   | Killed Erica
 20318 | Lair:6   | Entered Level 6 of the Lair of Beasts
 20398 | Lair:5   | Reached skill level 15 in Conjurations
 20791 | Lair:6   | Gained mutation: You have a pair of antennae on your head. [demonic ancestry]
 20791 | Lair:6   | Reached XP level 14. HP: 105/105 MP: 4/31
 20940 | Lair:6   | Reached skill level 14 in Spellcasting
 21322 | Lair:6   | Offered knowledge of Fireball by Vehumet.
 21825 | Lair:6   | Found the +8 trident of the Octopus King {venom, rElec rPois MR+}
 22903 | Lair:6   | Found the +6 Majin-Bo {vamp, Archmagi MP+6 Int+6}
 23038 | Lair:6   | Got a translucent silver ring
 23041 | Lair:6   | Identified the ring "Syrinyawk" {rPois Int+6 Stlth+} (You found it on level 6 of the Lair of Beasts)
 23255 | D:11     | Learned a level 5 spell: Fireball
 23323 | D:12     | Reached skill level 15 in Spellcasting
 23582 | D:12     | Found a staircase to the Orcish Mines.
 23856 | D:12     | Found Musibiom's Magic Scroll Shop.
 23865 | D:12     | Reached skill level 1 in Fire Magic
 23890 | D:12     | Bought a scroll of teleportation for 39 gold pieces
 23890 | D:12     | Bought a scroll of teleportation for 39 gold pieces
 23890 | D:12     | Bought a scroll of teleportation for 39 gold pieces
 23890 | D:12     | Bought a scroll of identify for 26 gold pieces
 23890 | D:12     | Bought 2 scrolls of identify for 52 gold pieces
 23890 | D:12     | Bought a scroll of teleportation for 39 gold pieces
 23890 | D:12     | Bought a scroll of teleportation for 39 gold pieces
 23890 | D:12     | Bought a scroll of amnesia for 45 gold pieces
 24372 | D:13     | Noticed Urug
 24376 | D:13     | Killed Urug
 24666 | D:13     | Noticed Sonja
 24688 | D:13     | Killed Sonja
 24688 | D:13     | Reached skill level 5 in Fire Magic
 24708 | D:12     | Gained mutation: You regenerate a lot of health from kills. [demonic ancestry]
 24708 | D:12     | Reached XP level 15. HP: 51/113 MP: 21/34
 24955 | D:13     | Noticed Azrael
 25095 | Orc:1    | Entered Level 1 of the Orcish Mines
 25095 | Orc:1    | Found a bloodstained altar of Trog.
 25176 | Orc:1    | Reached ****** piety under Vehumet
 25637 | Orc:1    | Found a transporter.
 25639 | Orc:1    | Found a transporter.
 25658 | Orc:1    | Noticed Peb Quor's ghost (journeyman DDFi)
 25739 | Orc:2    | Entered Level 2 of the Orcish Mines
 25748 | Orc:2    | Offered knowledge of Lightning Bolt by Vehumet.
 26339 | Orc:2    | Found Umpocupp's General Store.
 26342 | Orc:2    | Found Evel's Food Emporium.
 26450 | Orc:2    | Bought a potion of curing for 42 gold pieces
 26450 | Orc:2    | Bought a potion of mutation for 112 gold pieces
 27057 | Orc:2    | Noticed Nessos
 27061 | Orc:2    | Killed Nessos
 27138 | Orc:2    | Found a staircase to the Elven Halls.
 27405 | Orc:2    | Found Biboom's Book Boutique.
 27405 | Orc:2    | Found a one-way gate leading to the halls of Pandemonium.
 27405 | Orc:2    | Found Onoc's Antique Weapon Shop.
 27745 | Swamp:1  | Entered Level 1 of the Swamp
 27815 | Lair:2   | Offered knowledge of Bolt of Fire by Vehumet.
 27824 | Lair:2   | Learned a level 6 spell: Bolt of Fire
 27855 | Swamp:1  | Reached skill level 10 in Fire Magic
 27949 | Swamp:1  | Noticed Louise
 27950 | Swamp:1  | Cast into level 2 of the Abyss (Louise)
 28094 | Abyss:2  | Found an ornate altar of the Wu Jian Council.
 28118 | Abyss:2  | Found a sparkling altar of Nemelex Xobeh.
 28125 | Abyss:2  | Found a sparkling altar of Nemelex Xobeh.
 28245 | Abyss:2  | Found a sparkling altar of Nemelex Xobeh.
 28246 | Abyss:2  | Found a sparkling altar of Nemelex Xobeh.
 28282 | Abyss:3  | Found a corrupted altar of Lugonu.
 28287 | Abyss:3  | Found a corrupted altar of Lugonu.
 28305 | Abyss:3  | Found a corrupted altar of Lugonu.
 28406 | Abyss:3  | Noticed a bone dragon
 28438 | Abyss:3  | Noticed an ancient lich
 28487 | Swamp:1  | Escaped the Abyss
 29200 | Swamp:1  | Killed Louise
 29551 | Swamp:2  | Reached XP level 16. HP: 120/120 MP: 14/35
 29599 | Swamp:2  | Noticed Vesm's ghost (journeyman MiFi)
 29601 | Swamp:2  | Found a transporter.
 29720 | Swamp:2  | Found a transporter.
 29748 | Swamp:2  | Offered knowledge of Freezing Cloud by Vehumet.
 30900 | Swamp:4  | Entered Level 4 of the Swamp
 30909 | Swamp:4  | Noticed a thorn hunter
 30911 | Swamp:4  | Killed a thorn hunter
 31729 | Swamp:4  | Noticed the 27-headed Lernaean hydra
 31734 | Swamp:4  | Killed the 27-headed Lernaean hydra
 31734 | Swamp:4  | Reached skill level 16 in Spellcasting
 31776 | Swamp:4  | Offered knowledge of Poison Arrow by Vehumet.
 31784 | Swamp:4  | Learned a level 6 spell: Poison Arrow
 31963 | Swamp:4  | Got a decaying rune of Zot
 32351 | D:13     | Killed Azrael
 32369 | D:13     | Noticed Rupert
 32374 | D:13     | Killed Rupert
 32374 | D:13     | Reached skill level 1 in Poison Magic
 32423 | D:13     | Found a gate to the Vaults.
 32466 | D:13     | Found a runed door.
 32466 | D:13     | Found a shimmering altar of Xom.
 32467 | D:13     | Noticed MirrMurr's ghost (novice GrGl)
 32646 | D:13     | Found a snail-covered altar of Cheibriados.
 32828 | D:14     | Noticed Josephine
 32831 | D:14     | Killed Josephine
 32908 | D:14     | Gained mutation: You are completely covered in rugged brown scales. (AC +3, +7% HP) [demonic ancestry]
 32908 | D:14     | Reached XP level 17. HP: 110/128 MP: 15/37
 33019 | D:14     | Found Itzaasan's Jewellery Boutique.
 33375 | D:14     | Found a sacrificial altar of Ru.
 33867 | D:15     | Entered Level 15 of the Dungeon
 34027 | D:15     | Offered knowledge of Glaciate by Vehumet.
 34027 | D:15     | Offered knowledge of Shatter by Vehumet.
 34027 | D:15     | Offered knowledge of Ignition by Vehumet.
 34111 | D:15     | Got an iridescent trident
 34832 | D:15     | Reached skill level 1 in Shields
 34919 | D:15     | Found a staircase to the Depths.
 35355 | Snake:1  | Entered Level 1 of the Snake Pit
 35364 | Snake:1  | Reached skill level 17 in Spellcasting
 35699 | Snake:1  | Found a transporter.
 35700 | Snake:1  | Found the thick robe
 35701 | Snake:1  | Found a radiant altar of Vehumet.
 35815 | Snake:1  | Identified the +5 scale mail "Efeyz" {Dex+5} (You found it on level 1 of the Snake Pit)
 35816 | Snake:1  | Identified the cursed +1 trident of Attainder {pierce, rN+} (You found it on level 15 of the Dungeon)
 36056 | Snake:2  | Found Vycidoalio's Magic Scroll Shoppe.
 36056 | Snake:2  | Found Ceonk's Weapon Emporium.
 36065 | Snake:2  | Bought a scroll of immolation for 49 gold pieces
 36266 | Snake:2  | Reached skill level 5 in Poison Magic
 36348 | Snake:2  | Found Fuvutz's Antique Armour Boutique.
 36357 | Snake:2  | Bought a transparent leather armour for 259 gold pieces
 36490 | Snake:2  | Noticed Vashnia
 36497 | Snake:2  | Killed Vashnia
 36500 | Snake:2  | Noticed Saint Roka
 36509 | Snake:2  | Killed Saint Roka
 36679 | Snake:2  | Reached XP level 18. HP: 135/135 MP: 23/39
 36807 | Snake:2  | Found Qumoit's Magic Scroll Shop.
 36820 | Snake:2  | Bought a scroll of fog for 30 gold pieces
 36820 | Snake:2  | Bought a scroll of teleportation for 45 gold pieces
 36820 | Snake:2  | Bought a scroll of enchant armour for 112 gold pieces
 36820 | Snake:2  | Bought a scroll of enchant armour for 112 gold pieces
 37054 | Snake:2  | Identified the +1 leather armour of Fedhas's Envy {+Blink rN+} (You bought it in a shop on level 2 of the Snake Pit)
 37568 | Snake:3  | Got a spiked plate armour
 38187 | Snake:4  | Entered Level 4 of the Snake Pit
 38208 | Snake:3  | Identified the +3 plate armour of Ciwkor {rN+++ Str+3 Dex-3 Stlth-} (You found it on level 3 of the Snake Pit)
 38731 | Snake:4  | Found Tarr's Magic Scroll Shop.
 38752 | Snake:4  | Bought a scroll of identify for 34 gold pieces
 38752 | Snake:4  | Bought 3 scrolls of identify for 102 gold pieces
 38752 | Snake:4  | Bought 2 scrolls of acquirement for 1768 gold pieces
 39188 | Snake:4  | Identified the cursed +0 chain mail of Ecat Utu {rPois rN+ Str+3 Slay+3} (You found it on level 4 of the Snake Pit)
 39410 | Snake:4  | Reached skill level 18 in Spellcasting
 39422 | Snake:4  | Gained mutation: You have a pair of large antennae on your head. (SInv) [demonic ancestry]
 39422 | Snake:4  | Reached XP level 19. HP: 139/141 MP: 6/41
 40177 | Snake:4  | Got a serpentine rune of Zot
 40590 | Snake:1  | Found a transporter.
 40645 | Snake:1  | Got a transparent ivory ring
 40654 | Snake:1  | Got a thick robe
 40681 | Snake:1  | Identified the ring "Hesuz" {+Inv Stlth+} (You found it on level 1 of the Snake Pit)
 40683 | Snake:1  | Identified the cursed -5 robe of Misfortune {-Cast *Contam *Tele *Drain EV-5 Stlth-- *Curse} (You found it on level 1 of the Snake Pit)
 40960 | Orc:1    | Learned a level 8 spell: Ignition
 40973 | Orc:1    | Killed Peb Quor's ghost
 41003 | Orc:1    | Got a sparkling bronze amulet
 41004 | Orc:1    | Identified the amulet "Wixetiydgh" {+Rage rN+ SInv} (You acquired it on level 1 of the Orcish Mines)
 41076 | Elf:1    | Entered Level 1 of the Elven Halls
 41143 | Elf:1    | Learned a level 6 spell: Iron Shot
 41450 | Elf:1    | Found a transporter.
 41614 | Elf:1    | Found a transporter.
 41775 | Elf:1    | Reached skill level 1 in Earth Magic
 42062 | Elf:2    | Cast into level 2 of the Abyss (war axe of distortion)
 42099 | Abyss:2  | Learned a level 2 spell: Sublimation of Blood
 42288 | Abyss:2  | Got a ripped robe
 42315 | Abyss:2  | Lost mutation: You have supernaturally acute eyesight. (SInv) [a neqoxec]
 42320 | Elf:2    | Escaped the Abyss
 42755 | Elf:2    | Identified the +0 chain mail "Fazxisol" {rPois rCorr Str+8 Dex-5} (You found it on level 2 of the Elven Halls)
 42756 | Elf:2    | Identified the +1 robe of the Bells {*Drain rN+ rCorr} (You found it on level 2 of the Abyss)
 42774 | Elf:2    | Found a runed gate.
 42812 | Elf:2    | Found a portal to a secret trove of treasure.
 42856 | Elf:2    | Found a runed gate.
 42857 | Elf:2    | Found a runed gate.
 42931 | Elf:3    | Entered Level 3 of the Elven Halls
 42942 | Elf:3    | Noticed Nikola
 42947 | Elf:3    | Killed Nikola
 43249 | Elf:3    | Reached XP level 20. HP: 104/148 MP: 30/42
 43431 | Elf:3    | Reached skill level 15 in Fire Magic
 43454 | Elf:3    | Found a runed door.
 43455 | Elf:3    | Noticed aloneDruid's ghost (adept MiFi)
 43491 | Elf:3    | Found Mut Damaexo's Assorted Antiques.
 43503 | Elf:3    | Got a brightly glowing dagger {pierce}
 43512 | Elf:3    | Bought 2 potions of brilliance for 248 gold pieces
 43512 | Elf:3    | Bought a potion of curing for 93 gold pieces
 43906 | Elf:3    | Identified the +8 dagger of the Exiled Dances {pierce, rF- rC+ rN+} (You took it off a deep elf archer on level 3 of the Elven Halls)
 43937 | Elf:3    | Reached skill level 19 in Spellcasting
 43975 | Elf:3    | Found the +8 storm bow {elec}
 44405 | Elf:3    | Got an encrusted leather armour
 44703 | Elf:3    | Reached skill level 5 in Earth Magic
 44728 | Elf:3    | Got a blackened rapier {drain}
 44739 | Elf:3    | Got a crystal broad axe {flame}
 44865 | Elf:3    | Identified the +6 rapier "Deuxuuf" {drain, Str+4} (You took it off a deep elf mage on level 3 of the Elven Halls)
 44869 | Elf:3    | Got a fine demon blade {venom}
 44872 | Elf:3    | Identified the +3 demon blade of Doom {venom, Int+7} (You took it off a deep elf demonologist on level 3 of the Elven Halls)
 44874 | Elf:3    | Identified the +3 broad axe of the Revolution {flame, *Corrode Int+3} (You took it off a deep elf death mage on level 3 of the Elven Halls)
 44912 | Elf:3    | Identified the cursed +1 leather armour "Pexuz" {SInv} (You took it off a deep elf death mage on level 3 of the Elven Halls)
 44984 | Elf:3    | Identified the ring "Qicon" {Int+4 SInv} (You found it on level 3 of the Elven Halls)
 45256 | Elf:3    | Got a spiked chain mail
 45268 | Elf:3    | Identified the cursed +1 chain mail of Servitude {rF+ rCorr Stlth+} (You took it off a deep elf high priest on level 3 of the Elven Halls)
 45419 | Elf:1    | Lost mutation: You are resistant to electric shocks. (rElec) [mutagenic glow]
 45473 | Elf:1    | Got a brightly glowing silver amulet
 45488 | Elf:1    | Got a steaming granite ring
 45492 | Elf:1    | Identified the ring of Legaogga {rPois Int+3 Stlth+} (You found it on level 1 of the Elven Halls)
 45493 | Elf:1    | Identified the amulet of the Locust {Spirit rC+ Str+8 Dex-2} (You found it on level 1 of the Elven Halls)
 45495 | Elf:1    | Identified the +4 morningstar "Deir Gont" {drain, rPois rC+ MR++ Dex+2} (You found it on level 1 of the Elven Halls)
 45510 | Elf:1    | Gained mutation: You possess an exceptional clarity of mind. [potion of mutation]
 45510 | Elf:1    | Gained mutation: You are resistant to hostile enchantments. (MR+) [potion of mutation]
 45510 | Elf:1    | Gained mutation: You have a beak for a mouth. [potion of mutation]
 45691 | Vaults:1 | Entered Level 1 of the Vaults
 45769 | Vaults:1 | Upgraded the game from 0.22.0-2-ge58baed0e8 to 0.22.0-5-gf09313c8f9
 45973 | Vaults:1 | Found a runed gate.
 45973 | Vaults:1 | Found a runed gate.
 45973 | Vaults:1 | Found a runed gate.
 46189 | Vaults:1 | Found an ancient bone altar of Kikubaaqudgha.
 46553 | Vaults:1 | Noticed Reogah's ghost (adept MfBe)
 47009 | Vaults:2 | Gained mutation: Your flesh is cold resistant. (rC+) [demonic ancestry]
 47009 | Vaults:2 | Reached XP level 21. HP: 136/154 MP: 44/44
 47250 | Vaults:2 | Found a staircase to the Crypt.
 48060 | Vaults:2 | Found Ates Vih's Armour Shoppe.
 48157 | Vaults:3 | Reached skill level 20 in Spellcasting
 48255 | Vaults:3 | Identified the cursed +1 morningstar of Xalima {flame, rC+} (You took it off a yaktaur on level 3 of the Vaults)
 48266 | Vaults:3 | Noticed a golden dragon
 48269 | Vaults:3 | Killed a golden dragon
 48361 | Vaults:3 | Identified the Catalogue of Ashen Fire
 48491 | Vaults:3 | Noticed Boris
 48498 | Vaults:3 | Killed Boris
 49265 | Vaults:4 | Reached XP level 22. HP: 115/161 MP: 40/46
 49508 | Vaults:4 | Found Fibry's Antique Weapon Emporium.
 49531 | Vaults:4 | Noticed Boris
 49539 | Vaults:4 | Killed Boris
 50148 | Vaults:4 | Noticed Sojobo
 50164 | Vaults:4 | Killed Sojobo
 50424 | Vaults:4 | Identified the +10 longbow of the Spinneret {venom, Dex+3} (You found it on level 4 of the Vaults)
 50436 | Vaults:4 | Learned a level 7 spell: Spellforged Servitor
 50538 | Vaults:1 | Killed Reogah's ghost
 50727 | Depths:1 | Entered Level 1 of the Depths
 50922 | Depths:1 | Found a gateway to Hell.
 51323 | Depths:1 | Found a glowing golden altar of the Shining One.
 51535 | Depths:1 | Reached skill level 21 in Spellcasting
 51818 | Depths:2 | Got a tattered robe
 52107 | Depths:2 | Reached XP level 23. HP: 156/166 MP: 28/48
 52277 | Depths:2 | Found a gateway to a ziggurat.
 52360 | Depths:2 | Identified the cursed +0 robe of Uskayaw's Approval {Slay+2} (You found it on level 2 of the Depths)
 53186 | Depths:3 | Found a one-way gate to the infinite horrors of the Abyss.
 53259 | Depths:3 | Reached skill level 10 in Earth Magic
 54836 | Depths:4 | Noticed a juggernaut
 54842 | Depths:4 | Killed a juggernaut
 55439 | Depths:4 | Gained mutation: You are immune to freezing clouds. [demonic ancestry]
 55439 | Depths:4 | Reached XP level 24. HP: 174/174 MP: 24/48
 55692 | Depths:4 | Noticed a juggernaut
 55695 | Depths:4 | Killed a juggernaut
 55759 | Depths:4 | Reached skill level 22 in Spellcasting
 55849 | Depths:5 | Entered Level 5 of the Depths
 56049 | Depths:5 | HP: 2/174 [caustic shrike (26)]
 56049 | Depths:5 | Splashed by a caustic shrike's acid

Skill      XL: |  1  2  3  4  5  6  7  8  9 10 11 12 13 14 15 16 17 18 19 20 21 22 23 24 |
---------------+-------------------------------------------------------------------------+-----
Conjurations   | 2 4 5 7 8 10 11 13 14 15 16 17 18 19 20 21 | 21.8
Spellcasting   | 4 5 6 7 8 10 11 12 13 15 16 17 18 19 20 21 22 | 22.1
Maces & Flails | 1 4 5 |  5.6
Ice Magic      | 3 5 |  5.6
Fighting       | 3 6 7 |  7.0
Fire Magic     | 5 11 12 13 14 16 17 18 19 | 19.0
Poison Magic   | 2 8 |  8.4
Shields        | 4 |  4.0
Earth Magic    | 3 5 7 9 11 | 11.8
Short Blades   | |  0.1
Dodging        | |  1.7
Stealth        | |  1.7
Summonings     | |  1.0
Translocations | |  0.8

Action                   |  1- 3 |  4- 6 |  7- 9 | 10-12 | 13-15 | 16-18 | 19-21 | 22-24 || total
-------------------------+-------+-------+-------+-------+-------+-------+-------+-------++-------
Melee: Dagger            |    57 |    90 |    12 |       |       |       |       |       ||   159
       Whip              |       |       |   118 |   300 |   246 |    86 |    26 |       ||   776
       Staff             |       |       |       |       |     1 |       |    16 |       ||    17
       Morningstar       |       |       |       |       |       |       |    45 |    27 ||    72
       Peck              |       |       |       |       |       |       |     7 |     2 ||     9
Throw: Throwing net      |       |       |       |       |       |     1 |       |       ||     1
 Cast: Magic Dart        |    84 |   139 |   311 |   290 |     9 |     1 |       |       ||   834
       Mephitic Cloud    |     3 |     9 |    23 |    39 |    14 |       |     1 |       ||    89
       Conjure Flame     |       |     3 |    12 |    37 |    17 |     5 |       |       ||    74
       Blink             |       |     1 |     4 |     6 |    14 |     4 |     4 |     2 ||    35
       Throw Flame       |       |       |       |    42 |       |       |       |       ||    42
       Force Lance       |       |       |       |     5 |       |       |       |       ||     5
       Throw Icicle      |       |       |       |   261 |   344 |   210 |    36 |       ||   851
       Orb of Destructio |       |       |       |     3 |    55 |    26 |     4 |     6 ||    94
       Ozocubu's Armour  |       |       |       |     2 |     1 |       |       |       ||     3
       Fireball          |       |       |       |       |   202 |   447 |   301 |    45 ||   995
       Poison Arrow      |       |       |       |       |       |    10 |    87 |   134 ||   231
       Bolt of Fire      |       |       |       |       |       |     6 |     8 |     4 ||    18
       Iron Shot         |       |       |       |       |       |       |    74 |   204 ||   278
       Ignition          |       |       |       |       |       |       |    35 |    45 ||    80
       Sublimation of Bl |       |       |       |       |       |       |     3 |       ||     3
 Abil: Stop Flying       |       |       |       |       |     2 |       |       |       ||     2
       Evoke Flight      |       |       |       |       |     2 |       |       |       ||     2
Evoke: Wand              |       |       |     1 |     6 |     4 |     5 |     6 |     1 ||    23
       Phial of floods   |       |       |       |       |     2 |     1 |     1 |       ||     4
       Lamp of fire      |       |       |       |       |       |       |       |     1 ||     1
  Use: Scroll            |     7 |     1 |     9 |    15 |    22 |     8 |    30 |     8 ||   100
       Potion            |     1 |     2 |     1 |     6 |     8 |     3 |     8 |       ||    29
 Stab: Sleeping          |       |     1 |       |       |       |       |       |       ||     1
       Confused          |       |     2 |     2 |     4 |       |       |       |       ||     8
  Eat: Chunk             |     3 |     7 |    10 |    28 |    22 |    19 |    19 |    23 ||   131
       Ration            |       |       |     1 |     1 |     8 |     4 |     5 |     1 ||    20
Armor: Robe              |    15 |    29 |    44 |    68 |   133 |    87 |    36 |    10 ||   422
       Steam dragon scal |       |       |       |    26 |       |       |       |       ||    26
       Skin              |       |       |       |     1 |       |       |       |       ||     1
Dodge: Dodged            |    56 |    81 |    82 |   170 |   176 |    77 |    72 |    58 ||   772
Block: Buckler           |       |       |       |       |       |    12 |    35 |    22 ||    69
